 Dungeon Crawl Stone Soup version 0.29-a0-490-g77b3608bb8 (webtiles) character file.

Game seed: 4903287154163919264

38 happo123 the Sneak (level 3, -3/20 HPs)
             Began as a Kobold Enchanter on May 26, 2022.
             Slain by a hobgoblin (5 damage)
             ... on level 2 of the Dungeon.
             The game lasted 00:04:06 (1260 turns).

happo123 the Sneak (Kobold Enchanter)               Turns: 1260, Time: 00:04:06

Health: -3/20      AC:  2    Str:  5    XL:     3   Next: 65%
Magic:  5/6        EV: 15    Int: 18    God:
Gold:   28         SH:  0    Dex: 15    Spells: 4/6 levels left

rFire   . . .      SeeInvis .   a - +1 dagger
rCold   . . .      Faith    .   (no shield)
rNeg    . . .      Spirit   .   b - +0 robe
rPois   .          Reflect  .   (no helmet)
rElec   .          Harm     .   (no cloak)
rCorr   .          Rampage  .   (no gloves)
Will    .....                   (no boots)
Stlth   ++++......              l - amulet of magic regeneration
HPRegen 0.06/turn               (no ring)
MPRegen 0.50/turn               (no ring)

@: no status effects
A: small, no large weapons, nightstalker 3
a: no special abilities


You were on level 2 of the Dungeon.
You visited 1 branch of the dungeon, and saw 2 of its levels.

You collected 28 gold pieces.

Inventory:

Hand Weapons
 a - a +1 dagger (weapon)
Armour
 b - a +0 robe (worn)
 d - a +0 leather armour
Jewellery
 l - an amulet of magic regeneration (around neck)
Scrolls
 e - 2 scrolls of fear {unknown}
 f - 3 scrolls of identify {unknown}
 i - a scroll of teleportation {unknown}
 j - a scroll of blinking {unknown}
Potions
 c - 2 potions of invisibility
 g - a potion of curing {unknown}
 h - a potion of flight {unknown}
 k - a potion of ambrosia {unknown}
 m - 3 potions of lignification {unknown}


   Skills:
 + Level 0.5 Fighting
 + Level 2.2 Short Blades
 + Level 2.7 Dodging
 + Level 4.2 Stealth
 + Level 2.4 Spellcasting
 * Level 3.5 Hexes


You had 4 spell levels left.
You knew the following spells:

 Your Spells              Type           Power      Damage    Failure   Level
a - Ensorcelled Hibernat  Hex/Ice        16%        N/A       13%         2

Your spell library contained the following spells:

 Spells                   Type           Power      Damage    Failure   Level
 Confusing Touch          Hex            14%        N/A       12%         3
 Tukima's Dance           Hex            14%        N/A       12%         3
 Dazzling Flash           Conj/Hex       16%        N/A       26%         3
 Portal Projectile        Hex/Tloc       16%        N/A       26%         3
 Blade Hands              Tmut           1%         N/A       99%         5


Dungeon Overview and Level Annotations

Branches:
Dungeon (2/15)

Altars:


Innate Abilities, Weirdness & Mutations

You are small and have problems with some larger weapons.
You are completely attuned to the shadows.


Message History

The adder moves out of view.
You barely miss the goblin. The goblin closely misses you.
You hit the goblin.
The goblin is severely wounded.
The goblin hits you with a +0 short sword.
You barely miss the goblin.
The goblin is severely wounded.
The goblin hits you with a +0 short sword.
You barely miss the goblin.
The goblin is severely wounded.
You hit the goblin.
You kill the goblin!
Things that are here:
a +0 short sword; 25 stones; 2 bubbling red potions
m - 3 bubbling red potions (gained 2)
Things that are here:
a +0 short sword; 25 stones The hobgoblin shouts!
The adder hisses angrily.
You hit the hobgoblin.
The hobgoblin is moderately wounded.
The hobgoblin misses you.
You hit the hobgoblin.
The hobgoblin is almost dead.
The hobgoblin hits you.
* * * LOW HITPOINT WARNING * * *
You hit the hobgoblin but do no damage.
The hobgoblin is almost dead.
The adder bites you.
* * * LOW HITPOINT WARNING * * *
The hobgoblin barely misses you.
Aiming: Ensorcelled Hibernation (safe; 13% risk of failure)
Press: ? - help, Q - select action Shift-Dir - straight line, f - adder
Aim: an adder (chance to affect: 50%)
The adder looks drowsy...
The hobgoblin barely misses you.
The helpless adder fails to defend itself.
You impale the adder!!
You kill the adder!
The hobgoblin hits you.
You die...

...... #. .# #. ....... ..#.##
.###. #...... ## ...#..#####.#.#
#....). ##. #.) #..##.....#
#......
##..##.####....@g...#########.#.
##...#)#.....###†..............#.
#..##)##..#.## #..##############.
...#.#.(.##.# #..# #.
##.##......# #..## #.
.#.#...###### #...# .###..###
###..## ......... ......#
...##.### ###...###


You could see a hobgoblin.

Vanquished Creatures
  A gnoll (D:2)
  An adder (D:2)
  2 ball pythons
  2 bats
  6 endoplasms
  A giant cockroach (D:1)
  5 goblins
  10 frilled lizards (D:1)
28 creatures vanquished.

Notes
Turn   | Place    | Note
-------+----------+-------------------------------------------
     0 | D:1      | happo123 the Kobold Enchanter began the quest for the Orb.
     0 | D:1      | Reached XP level 1. HP: 10/10 MP: 3/3
   302 | D:1      | Reached XP level 2. HP: 15/15 MP: 5/5
   305 | D:1      | Learned a level 2 spell: Ensorcelled Hibernation
   685 | D:1      | Reached XP level 3. HP: 19/19 MP: 6/6
   907 | D:1      | Found a faded altar of an unknown god.
  1260 | D:2      | Slain by a hobgoblin

Illustrated notes

Levels and vault maps discovered:
D:1:      mrwooster_arrival_statue_3, layout_rooms,
          chequers_ecumenical_altar_island, minmay_lizard_pond
D:2:      layout_loops_ring, minmay_vboxes

Skill      XL: |  1  2 |
---------------+-------+-----
Short Blades   | 2 |  2.2
Fighting       | |  0.5
Dodging        | |  2.7
Stealth        | |  4.2
Spellcasting   | |  2.4
Hexes          | |  3.5

Action                   || total
-------------------------++-------
Melee: Dagger            ||    66
 Cast: Ensorcelled Hiber ||     7
 Stab: Sleeping          ||    14
Armor: Robe              ||     6
Dodge: Dodged            ||    47

Table legend: (Time is in decaauts)
 A = Elapsed time spent in this place.
 B = Non-inter-level travel time spent in this place.
 C = Inter-level travel time spent in this place.
 D = Time resting spent in this place.
 E = Time spent auto-exploring this place.
 F = Levels seen in this place.
 G = Mean time per level.
                   A        B        C        D        E       F      G
               +--------+--------+--------+--------+--------+-----+--------+
         Total |   1259 |   1227 |     32 |     53 |    916 |   2 |  629.5 |
       Dungeon |   1259 |   1227 |     32 |     53 |    916 |   2 |  629.5 |
               +--------+--------+--------+--------+--------+-----+--------+

Top non-repeatable levels by time:
     D:1: 970 daAuts
     D:2: 289 daAuts
